Map: Kairos Junction LE

Players

JimRising

  • Race: Zerg Zerg
  • League: Grandmaster
  • Spawn Location: 5:00

GoGojOey - Winner!

  • Race: Zerg Zerg
  • Spawn Location: 11:00

Event: 2019 WCS Winter Americas

VOD

Have the link to the VOD?

Description

Time

  • Played on: Feb. 3, 2019, 2:06 p.m.
  • Length: 14:52

All games in this series

Show
View Real Time Build Order
Export as new Build Order

JimRising Zerg 

Build Orders: Hatch First 

Get SALT Encoding   

  12  0:01  Drone  
  13  0:12  Overlord  
  13  0:16  Drone  
  14  0:31  Drone x2  
  16  0:49  Hatchery  
  15  0:52  Drone  
  15  0:55  Extractor  
  15  1:08  Spawning Pool  
  14  1:11  Drone  
  14  1:14  Drone  
  16  1:19  Drone  
  17  1:26  Drone  
  18  1:42  Drone  
  18  1:46  Overlord  
  19  1:54  Queen  
  19  1:59  Zergling x2  
  22  2:02  Queen  
  22  2:05  Drone x2  
  26  2:11  Drone  
  27  2:17  Drone  
  28  2:23  Drone  
  28  2:27  Drone  
  30  2:30  Queen  
  30  2:34  Overlord  
  32  2:37  Drone  
  33  2:44  Drone, Baneling Nest  
  33  2:53  Drone  
  33  2:55  Drone  
  35  2:59  Zergling x2  
  36  3:06  Lair  
  36  3:08  Zergling x2  
  36  3:12  Drone x5  
  42  3:15  Drone  
  43  3:26  Overlord  
  43  3:32  Baneling x2  
  42  3:44  Zergling x2  
  42  3:45  Queen, Drone x2, Zergling x2  
  48  3:49  Extractor  
  48  3:50  Extractor  
  48  3:52  Zergling x6  
  48  4:01  Drone  
  48  4:02  Drone x3  
  50  4:08  Drone, Spire  
  50  4:13  Extractor  
  50  4:16  Drone  
  50  4:18  Drone  
  50  4:20  Overlord  
  51  4:25  Baneling x2  
  51  4:31  Drone x2  
  51  4:33  Overlord x2  
  51  4:43  Drone x4  
  51  4:44  Drone  
  56  4:54  Drone x2  
  56  4:55  Hatchery  
  57  5:08  Overlord  
  57  5:09  Overlord  
  57  5:18  Overlord  
  57  5:21  Mutalisk x4  
  57  5:22  Mutalisk  
  67  5:35  Mutalisk x2  
  67  5:36  Overlord  
  67  5:37  Drone x2  
  63  6:00  Drone, Mutalisk x2  
  63  6:02  Zergling x6  
  63  6:03  Queen  
  73  6:05  Zerg Flyer Weapons Level 1  
  73  6:10  Overlord  
  73  6:15  Mutalisk  
  73  6:16  Zergling x2  
  73  6:17  Zergling x8  
  80  6:24  Queen  
  79  6:30  Mutalisk  
  78  6:38  Drone x2  
  78  6:39  Drone x5  
  85  6:46  Drone x5  
  90  6:52  Metabolic Boost  
  90  6:58  Mutalisk x2  
  93  7:02  Drone x3  
  93  7:07  Baneling x2  
  94  7:11  Mutalisk  
  94  7:13  Drone x2, Zergling x4  
  99  7:26  Extractor x2  
  99  7:29  Drone x3  
  100  7:30  Drone x3  
  100  7:35  Drone x2  
  100  7:36  Drone x2, Mutalisk  
  100  7:37  Mutalisk  
  111  7:51  Corruptor  
  111  7:55  Overlord x2  
  113  8:00  Overlord x2  
  113  8:03  Hatchery  
  113  8:05  Extractor x2  
  110  8:09  Overlord x2  
  110  8:13  Queen  
  110  8:16  Corruptor  
  110  8:18  Mutalisk x4  
  121  8:22  Corruptor x2  
  121  8:24  Zergling x2  
  121  8:25  Zergling x4  
  128  8:32  Drone  
  128  8:33  Evolution Chamber  
  128  8:36  Mutalisk x2  
  130  8:43  Baneling x3  
  130  8:45  Zergling x4  
  129  8:48  Queen  
  129  8:54  Mutalisk x2  
  115  8:57  Zergling x6  
  115  8:58  Zergling x2  
  115  9:02  Drone x2  
  108  9:04  Corruptor x2  
  108  9:05  Drone  
  108  9:06  Drone  
  108  9:08  Queen  
  116  9:11  Zerg Melee Weapons Level 1  
  116  9:17  Baneling x2  
  115  9:28  Corruptor x2  
  115  9:31  Zergling x12  
  120  9:32  Zergling x2  
  120  9:36  Mutalisk  
  126  9:54  Mutalisk x3  
  126  9:56  Mutalisk  
  130  10:07  Drone x4  
  130  10:08  Drone x2  
  130  10:09  Drone  
  130  10:10  Hydralisk Den  
  136  10:16  Overlord x4  
  136  10:18  Evolution Chamber  
  135  10:21  Baneling x2  
  135  10:22  Baneling  
  135  10:28  Spore Crawler  
  135  10:34  Queen  
  132  10:39  Zergling x2  
  132  10:40  Zergling x8  
  135  10:46  Drone x4  
  135  10:47  Zerg Ground Armor Level 1  
  135  10:48  Muscular Augments  
  129  10:51  Zergling x8  
  129  10:54  Baneling x2  
  129  10:56  Spore Crawler  
  125  10:58  Drone  
  125  10:59  Drone x4  
  129  11:05  Hydralisk x2  
  129  11:06  Hydralisk x4  
  129  11:07  Zerg Missile Weapons Level 1  
  140  11:17  Hydralisk x3  
  143  11:19  Baneling  
  143  11:20  Baneling x3  
  143  11:30  Overlord x2  
  143  11:31  Overlord  
  143  11:35  Baneling x3  
  143  11:36  Overlord x2  
  143  11:44  Overlord x3  
  143  11:50  Drone x9  
  150  12:07  Lurker Den  
  149  12:12  Hydralisk x3  
  149  12:13  Hydralisk x2  
  149  12:14  Overlord x2  
  159  12:26  Hydralisk x3  
  159  12:27  Grooved Spines, Hydralisk x4  
  173  12:32  Hydralisk x4  
  179  12:45  Hydralisk x2  
  179  12:46  Overlord  
  183  13:01  Hatchery  
  183  13:03  Extractor x2  
  176  13:08  Hydralisk x4  
  176  13:09  Hydralisk x3  
  190  13:15  Hydralisk x2  
  182  13:28  Hydralisk x5  
  182  13:29  Hydralisk  
  182  13:32  Hydralisk  
  182  13:33  Hydralisk  
  154  13:38  Hydralisk  
  154  13:39  Hydralisk  
  122  13:43  Hydralisk x2  
  110  13:49  Hydralisk x2  
  112  14:08  Hydralisk x2  
  114  14:10  Zergling x4  
  114  14:11  Zergling x10  
  119  14:25  Zergling x6  
  108  14:31  Hatchery  
Show
View Real Time Build Order
Export as new Build Order

GoGojOey Zerg - Winner!

Build Orders: Hatch First 

Get SALT Encoding   

  12  0:00  Drone  
  13  0:12  Overlord  
  13  0:16  Drone  
  14  0:31  Drone x2  
  16  0:50  Hatchery  
  16  0:52  Drone  
  16  0:55  Drone  
  17  0:59  Drone  
  18  1:10  Extractor  
  17  1:14  Spawning Pool  
  17  1:17  Drone  
  17  1:20  Drone  
  18  1:28  Drone  
  19  1:39  Drone  
  20  1:49  Overlord  
  20  2:00  Drone  
  21  2:01  Queen x2  
  21  2:02  Drone  
  26  2:09  Metabolic Boost  
  26  2:11  Drone  
  27  2:17  Drone  
  27  2:22  Drone  
  29  2:23  Drone  
  30  2:32  Drone  
  30  2:34  Drone  
  32  2:40  Hatchery  
  31  2:46  Queen  
  31  2:51  Overlord  
  33  2:57  Zergling x6  
  36  3:11  Evolution Chamber  
  36  3:12  Zergling x10  
  40  3:16  Zergling x4  
  42  3:20  Drone  
  42  3:23  Overlord  
  42  3:25  Drone  
  44  3:32  Baneling Nest  
  42  3:45  Drone x3  
  42  3:50  Zergling x8  
  45  3:56  Drone x2  
  43  4:04  Zerg Melee Weapons Level 1, Overlord  
  43  4:05  Drone x3  
  45  4:10  Drone x2  
  45  4:12  Drone  
  45  4:14  Drone  
  49  4:21  Zergling x2  
  49  4:23  Drone  
  51  4:26  Drone  
  51  4:30  Queen, Drone  
  55  4:31  Queen  
  55  4:34  Lair  
  57  4:40  Drone x4  
  57  4:42  Drone  
  57  4:44  Baneling x3  
  62  4:48  Overlord  
  62  4:50  Extractor  
  62  4:51  Extractor  
  60  4:56  Zergling x8  
  64  5:01  Overlord x2  
  64  5:04  Zergling x4  
  65  5:08  Drone x3  
  65  5:11  Drone  
  69  5:20  Overlord  
  69  5:21  Extractor  
  68  5:22  Drone x3  
  68  5:23  Drone x4  
  75  5:33  Overlord  
  72  5:37  Spire  
  72  5:39  Drone  
  72  5:40  Drone  
  73  5:43  Zergling x6  
  73  5:49  Zergling x4  
  75  5:50  Zergling x6  
  75  5:51  Queen  
  75  5:54  Zergling x4  
  75  5:55  Zergling x6  
  81  5:58  Spore Crawler  
  81  6:01  Spore Crawler  
  81  6:02  Spore Crawler  
  78  6:15  Drone x3  
  78  6:16  Drone x3  
  78  6:17  Drone x2  
  85  6:20  Overlord  
  85  6:21  Drone x2  
  85  6:22  Extractor  
  86  6:27  Drone  
  86  6:28  Drone x5  
  87  6:40  Drone x2  
  87  6:42  Extractor  
  87  6:43  Queen  
  87  6:44  Overlord  
  89  6:50  Corruptor x3, Baneling x2  
  95  6:56  Corruptor  
  96  7:02  Overlord x2  
  96  7:10  Corruptor, Overlord  
  96  7:11  Corruptor x3  
  104  7:18  Corruptor x2  
  103  7:23  Zerg Flyer Armor Level 1  
  103  7:26  Corruptor  
  105  7:32  Corruptor x2  
  109  7:39  Overlord  
  109  7:41  Corruptor x2  
  113  7:45  Zergling x2  
  114  7:51  Overlord x2  
  114  7:52  Overlord  
  114  7:55  Overlord  
  114  8:04  Overlord x2  
  114  8:09  Zergling x12  
  114  8:10  Zergling x6  
  123  8:16  Hatchery  
  120  8:20  Corruptor x2  
  120  8:21  Corruptor  
  120  8:22  Zergling x4  
  120  8:24  Drone  
  129  8:27  Roach Warren  
  129  8:32  Drone x2  
  130  8:47  Zergling x6  
  130  8:48  Zergling x16  
  141  8:54  Corruptor x3  
  136  9:02  Corruptor x2  
  126  9:15  Corruptor x4  
  134  9:20  Extractor, Zergling x8  
  134  9:21  Extractor  
  132  9:33  Corruptor x3  
  138  9:40  Zerg Flyer Weapons Level 1  
  135  9:51  Glial Reconstitution  
  135  9:52  Zerg Missile Weapons Level 1  
  135  10:04  Corruptor x5  
  138  10:07  Zergling x18  
  138  10:11  Drone x4  
  150  10:15  Drone x3  
  150  10:21  Drone  
  154  10:26  Drone x2  
  155  10:38  Corruptor  
  155  10:39  Corruptor x4  
  159  10:43  Hydralisk Den  
  155  10:55  Roach x7  
  162  11:19  Grooved Spines, Hydralisk x3  
  162  11:20  Hatchery  
  162  11:21  Overlord x3  
  167  11:30  Overlord  
  167  11:36  Overlord  
  167  11:39  Queen, Overlord  
  169  11:45  Hydralisk x6  
  169  11:46  Hydralisk x3  
  187  11:50  Zerg Flyer Weapons Level 2  
  187  11:55  Hydralisk x3  
  180  12:04  Hydralisk x4  
  188  12:10  Hydralisk x2  
  192  12:20  Hydralisk  
  192  12:21  Roach, Hydralisk  
  198  12:26  Zerg Missile Weapons Level 2  
  194  13:08  Hydralisk x3  
  194  13:10  Overseer x4  
  194  13:11  Muscular Augments  
  200  13:14  Lurker Den  
  158  13:36  Hydralisk x8  
  158  13:37  Hydralisk x18  
  174  13:50  Hydralisk x5  
  174  13:55  Hydralisk x2  
  174  14:03  Hydralisk x3  
  174  14:08  Hydralisk x2  
  174  14:09  Zergling x4  
  182  14:17  Hydralisk x2  
  182  14:18  Zergling x6  
Tags
 
Add a new tag
Caveats
  • Supply blocks, unpowered buildings, or Contaminate may cause inaccurate times.
  • Supply counts are checked every 10 seconds.